 Dungeon Crawl Stone Soup version 0.28-a0-804-g60983d4ba9 (webtiles) character file.

Game seed: 8447735668459195579

90 vurker the Gusty (level 4, -3/25 HPs)
             Began as a Tengu Air Elementalist on Nov 7, 2021.
             Shot with an arrow by a centaur (8 damage)
             ... on level 3 of the Dungeon.
             The game lasted 00:02:02 (2679 turns).

vurker the Gusty (Tengu Air Elementalist)           Turns: 2679, Time: 00:02:03

Health: -3/25      AC:  2    Str:  8    XL:     4   Next: 56%
Magic:  6/9        EV: 12    Int: 16    God:
Gold:   80         SH:  0    Dex: 15    Spells: 7/8 levels left

rFire   . . .      SeeInvis .   (no weapon)
rCold   . . .      Faith    .   (no shield)
rNeg    . . .      Spirit   .   a - +0 robe
rPois   .          Reflect  .   (helmet restricted)
rElec   .          Harm     .   (no cloak)
rCorr   .          Rampage  .   (no gloves)
Will    .....                   (boots unavailable)
Stlth   ++........              (no amulet)
HPRegen 0.08/turn               (no ring)
MPRegen 0.11/turn               (no ring)

@: no status effects
A: beak, talons 3
a: no special abilities


You were on level 3 of the Dungeon.
You visited 1 branch of the dungeon, and saw 3 of its levels.

You collected 80 gold pieces.

Inventory:

Armour
 a - a +0 robe (worn)
Scrolls
 d - a scroll of enchant weapon {unknown}
 h - 2 scrolls of teleportation {unknown}
 j - 2 scrolls of noise {unknown}
 k - a scroll of enchant armour {unknown}
Potions
 b - a potion of curing {unknown}
 c - a potion of magic {unknown}
 e - 2 potions of might {unknown}
 f - 2 potions of brilliance {unknown}
 g - a potion of cancellation {unknown}
 i - a potion of attraction {unknown}
 l - a potion of mutation {unknown}


   Skills:
 + Level 1.3 Fighting
 - Level 2.1 Dodging
 - Level 2.0 Stealth
 * Level 2.9 Spellcasting
 + Level 2.6 Conjurations
 * Level 5.1 Air Magic


You had 7 spell levels left.
You knew the following spells:

 Your Spells              Type           Power      Damage    Failure   Level
a - Shock                 Conj/Air       56%        1d6       3%          1

Your spell library contained the following spells:

 Spells                   Type           Power      Damage    Failure   Level
 Static Discharge         Conj/Air       14%        N/A       6%          2
 Swiftness                Air            18%        N/A       7%          3
 Airstrike                Air            9%         N/A       22%         4


Dungeon Overview and Level Annotations

Branches:
Dungeon (3/15)

Altars:


Innate Abilities, Weirdness & Mutations

You have a beak for a mouth.
You have claws for feet.


Message History

There is an open door here.
There is an open door here.
You open the door.
There is an open door here.
There is an open door here.
You open the door.
There is an open door here.
You open the large door.
There is a large open door here.
There is a large open door here.
You see here 27 stones.
You see here a +0 short sword.
Key pressed, stopping explore.
There is an open door here.
There is an open door here.
Done exploring.
Done exploring.
You can't see any susceptible monsters within range! (Use Z to cast anyway.)
You can't see any susceptible monsters within range! (Use Z to cast anyway.) Done exploring.
Done exploring.
There is a stone staircase leading down here.
You climb downwards.
There is a stone staircase leading up here.
Okay, then.
Found a stone staircase leading down.
There is a stone staircase leading down here.
A bat comes into view.
The bat moves out of view.
Aim: a bat (57% to hit)
The zap hits the bat.
You kill the bat!
You can't see any susceptible monsters within range! (Use Z to cast anyway.)
You can't see any susceptible monsters within range! (Use Z to cast anyway.)
A centaur comes into view.
The centaur shouts!
The centaur wields a +0 shortbow.
The centaur shoots an arrow.
The arrow barely misses you.
A centaur is nearby!
Aim: a centaur, wielding a +0 shortbow and quivering arrows (83% to hit)
The zap hits the centaur.
The centaur shoots an arrow.
The arrow hits you!
The centaur shoots an arrow.
The arrow misses you.
Aim: a centaur, wielding a +0 shortbow and quivering arrows (moderately wounded, 83% to hit)
The zap hits the centaur.
Unknown command.
Aim: a centaur, wielding a +0 shortbow and quivering arrows (heavily wounded, 83% to hit)
The zap hits the centaur.
The centaur shoots an arrow.
The arrow hits you!
* * * LOW HITPOINT WARNING * * *
The centaur shoots an arrow.
The arrow hits you!
You die...

#.# #c# #.#
#.# #.# #.#
#.# #.# #.#
#@# #.# #.#
#.# #.# #.#
#.# #.# #.#
#.## #.#
#..# #>#
##.###.####
###........#


You could see a centaur.

Vanquished Creatures
  3 gnolls (D:2)
  2 adders (D:2)
  A dart slug (D:1)
  3 bats
  6 endoplasms
  5 giant cockroaches
  3 goblins (D:1)
  2 hobgoblins
  5 kobolds
  6 ball pythons
  A frilled lizard (D:1)
  4 rats
41 creatures vanquished.

Notes
Turn   | Place    | Note
-------+----------+-------------------------------------------
     0 | D:1      | vurker the Tengu Air Elementalist began the quest for the
                  | Orb.
     0 | D:1      | Reached XP level 1. HP: 10/10 MP: 4/4
   180 | D:1      | Reached XP level 2. HP: 15/15 MP: 1/6
   543 | D:1      | Found a faded altar of an unknown god.
   809 | D:1      | Reached XP level 3. HP: 20/20 MP: 4/7
  1553 | D:2      | Reached skill level 1 in Fighting
  1991 | D:2      | Reached skill level 5 in Air Magic
  1991 | D:2      | Reached XP level 4. HP: 18/25 MP: 2/9
  2676 | D:3      | Noticed a centaur
  2679 | D:3      | Shot with an arrow by a centaur

Illustrated notes

Levels and vault maps discovered:
D:1:      dpeg_arrival_snail, layout_basic, basic_ecumenical_altar,
          minmay_tall_x
D:2:      layout_basic, minmay_octomino_c4
D:3:      layout_loops_ring, serial_shops, shop_statue

Skill      XL: |  1  2  3 |
---------------+----------+-----
Conjurations   | 2 |  2.6
Fighting       | 1 |  1.3
Air Magic      | 5 |  5.1
Dodging        | |  2.1
Stealth        | |  2.0
Spellcasting   | |  2.9

Action                   |  1- 3 |  4- 6 || total
-------------------------+-------+-------++-------
Melee: Unarmed           |    12 |       ||    12
       Kick              |     1 |       ||     1
 Cast: Shock             |    71 |    21 ||    92
Armor: Robe              |     1 |       ||     1
Dodge: Dodged            |    12 |     3 ||    15

Table legend: (Time is in decaauts)
 A = Elapsed time spent in this place.
 B = Non-inter-level travel time spent in this place.
 C = Inter-level travel time spent in this place.
 D = Time resting spent in this place.
 E = Time spent auto-exploring this place.
 F = Levels seen in this place.
 G = Mean time per level.
                   A        B        C        D        E       F      G
               +--------+--------+--------+--------+--------+-----+--------+
         Total |   2678 |   2642 |     36 |      0 |   2369 |   3 |  892.7 |
       Dungeon |   2678 |   2642 |     36 |      0 |   2369 |   3 |  892.7 |
               +--------+--------+--------+--------+--------+-----+--------+

Top non-repeatable levels by time:
     D:2: 1380 daAuts
     D:1: 1247 daAuts
     D:3: 50 daAuts
